 Dungeon Crawl Stone Soup version 0.28-b1-1-g3c77fb2ed1 (webtiles) character file.

Game seed: 11376880623555554800

185416 markar the Slayer (level 18, -3/345 HPs)
             Began as an Ogre Berserker on Jan 29, 2022.
             Was a High Priest of Trog.
             Slain by a salamander (9 damage)
             ... on level 4 of the Snake Pit on Jan 31, 2022.
             The game lasted 04:37:44 (61169 turns).

markar the Slayer (Ogre Berserker)                 Turns: 61169, Time: 04:37:45

Health: -3/345     AC: 19    Str: 26    XL:     18   Next: 44%
Magic:  6/6        EV: 11    Int:  8    God:    Trog [*****.]
Gold:   1866       SH:  0    Dex: 12    Spells: 17/17 levels left

rFire   . . .      SeeInvis .   x - +9 giant club (antimagic)
rCold   . . .      Faith    .   (shield currently unavailable)
rNeg    . . .      Spirit   .   F - +0 acid dragon scales
rPois   .          Reflect  .   (helmet restricted)
rElec   .          Harm     .   X - +2 cloak {Will+}
rCorr   +          Rampage  .   (gloves unavailable)
Will    +++..      Rage     1%  (boots unavailable)
Stlth   ..........              (no amulet)
HPRegen 0.67/turn               m - ring of willpower
MPRegen 0.10/turn               E - +4 ring of protection

@: berserking (expiring), lethally poisoned (-3 -> -14), slowed
A: large, unfitting armour, tough skin 1, iridescent scales 1, berserk 1, weak 1
a: Renounce Religion, Berserk, Trog's Hand, Brothers in Arms


You were on level 4 of the Snake Pit.
You worshipped Trog.
Trog was extremely pleased with you.
You visited 8 branches of the dungeon, and saw 33 of its levels.
You also visited: Volcano.

You collected 3182 gold pieces.
You spent 1316 gold pieces at shops.

Inventory:

Hand Weapons
 x - a +9 antimagic giant club (weapon)
 P - a +4 lajatang of venom
 U - a +1 antimagic eveningstar
Missiles
 l - 22 javelins (quivered)
 q - 7 silver javelins
 t - 26 large rocks
 R - 10 curare-tipped darts
Armour
 w - a +2 robe of fire resistance
 F - +0 acid dragon scales (worn)
 X - a +2 cloak of willpower (worn)
Jewellery
 m - a ring of willpower (left hand)
 o - a ring of protection from cold
 v - a +6 ring of strength
 A - a +4 ring of evasion
 B - a ring of protection from cold
 C - the amulet of the Air {Inacc Air Fly rElec RMsl}
   (You bought it in a shop on level 2 of the Dungeon)

   [amulet of nothing]

   It reduces the accuracy of all your attacks.
   It enhances your air magic.
   rElec:     It insulates you from electricity.
   Fly:       It grants you flight.
   RMsl:      It protects you from missiles.
 D - an amulet of faith
 E - a +4 ring of protection (right hand)
 M - an amulet of regeneration
 N - a ring of fire
 Z - a ring of positive energy
Wands
 a - a wand of charming (6)
 d - a wand of iceblast (19)
 i - a wand of digging (4)
 j - a wand of mindburst (23)
 y - a wand of acid (6)
 H - a wand of polymorph (12)
 L - a wand of flame (43)
 S - a wand of paralysis (5)
Scrolls
 c - 2 scrolls of enchant weapon
 f - 4 scrolls of identify
 g - a scroll of fog
 p - a scroll of teleportation
 s - 2 scrolls of immolation
 G - a scroll of silence
 K - 3 scrolls of enchant armour
 O - 2 scrolls of magic mapping
 W - 2 scrolls of holy word
Potions
 b - 2 potions of cancellation
 e - 2 potions of magic
 h - 3 potions of might
 k - 2 potions of attraction
 r - 10 potions of curing
 u - 2 potions of ambrosia
 z - 4 potions of lignification
 I - 2 potions of mutation
 J - 5 potions of flight
 Q - a potion of haste
 T - 2 potions of resistance
Miscellaneous
 n - a condenser vane


   Skills:
 - Level 25.0 Fighting
 - Level 20.0 Maces & Flails
 - Level 1.1(14.2) Staves
 - Level 5.0 Throwing
 + Level 10.2 Armour
 - Level 5.0 Dodging
 - Level 5.1 Shields
 - Level 2.1 Evocations


You had 17 spell levels left.
You didn't know any spells.
Your spell library was empty.

Dungeon Overview and Level Annotations

Branches:
Dungeon (15/15)            Temple (0/1) D:5            Lair (6/6) D:10
 Shoals (1/4) Lair:4        Snake (4/4) Lair:4        Slime (2/5) Lair:5
    Orc (2/2) D:12            Elf (2/3) Orc:2        Depths (1/4) D:15
Volcano (visited)
 Vaults: D:13-14

Altars:
Ashenzari
Fedhas
Kikubaaqudgha
Makhleb
Nemelex Xobeh
Okawaru
Ru
Beogh

Shops:
D:1 *   D:2 =   D:5 (   D:8 *   Orc:1 =   Orc:2 :?([   Elf:2 !   Snake:2 ([[
Snake:3 [((**

Portals:
Hell: Depths:1
Trove: D:11 (give 2 scrolls of acquirement)

Annotations:
Depths:1 the Enchantress


Innate Abilities, Weirdness & Mutations

You are too large for most types of armour.
You have tough skin. (AC +1)
You are partially covered in iridescent scales. (AC +2)
You tend to lose your temper in combat.
You are weak. (Str -2)


Message History

The naga is almost dead.
You feel sick. The naga barely misses you. The naga constricts you.
You beat the naga like a drum!!!
You kill the naga!
Trog accepts your kill.
You feel very sick.
The salamander hits you from afar with a +0 trident!
* * * LOW HITPOINT WARNING * * *
You are engulfed in flames!
* * * LOW HITPOINT WARNING * * *
The naga spits poison at you.
The splash of poison hits you but does no damage.
You are more poisoned.
You have difficulty breathing.
* * * LOW HITPOINT WARNING * * *
You feel as though you will be slow longer.
You are too berserk!
You are too berserk!
You feel very sick. The salamander barely misses you.
There is an open door, spattered with blood here.
Things that are here:
a +0 glaive; a +2 robe of resistance; a naga corpse You bludgeon the salamander!!
The salamander is heavily wounded.
You feel very sick.
The salamander hits you with a +0 trident.
* * * LOW HITPOINT WARNING * * *
You are engulfed in flames!
* * * LOW HITPOINT WARNING * * *
You sock the salamander!
The salamander is severely wounded.
You feel very sick. The naga hits you with a +0 hand axe!
* * * LOW HITPOINT WARNING * * *
The naga barely misses you.
The salamander hits you with a +0 trident.
* * * LOW HITPOINT WARNING * * *
You are engulfed in flames!
You die...

*.......,***####...†.....
*#......** ##.N.###...
#.....## ##..###,#'#.
#......## ##...#,,,,,*.
#.......####....#,,,,,**
*#.......##.....##*+*,,+
##...............#+,**,*
#......NN.......##**,+,*
#...N##@###.....#,,*****
#...)#)...#.....#*,,,,,*
###....N...##......#,,,,,*
#.....)#####......##,,,,,*
#.................#,,,,,,*
#..###............#*,,,*+*
#..# ##..N.........*****,,
##.# ##......#**,,,,,,,,,
#.# #.....##,*,,,,,,,,,


You could see a salamander and 2 nagas.

Vanquished Creatures
  Jorgrun (D:13)
  Rupert (Orc:2)
  3 acid blobs
  A deep elf blademaster (Elf:2)
  A tengu reaver (Depths:1)
  An azure jelly (Slime:1)
  3 nagarajas
  2 orc warlords
  A balrug (Depths:1)
  Aizul (Snake:1)
  2 quicksilver oozes
  A stone giant (Depths:1)
  A deep elf annihilator (Elf:2)
  A fire dragon (Lair:6)
  3 deep elf death magi
  3 great orbs of eyes
  2 rakshasas
  A spriggan zombie (D:15)
  2 catoblepae
  6 naga warriors
  2 boulder beetles
  3 hydras
  Erolcha (D:10)
  8 anacondas
  4 two-headed ogres
  7 centaur warriors
  2 tengu warriors
  A deep troll shaman (Depths:1)
  16 dancing weapons
  A deep troll earth mage (D:15)
  9 death yaks
  Urug (D:11)
  3 shock serpents
  7 naga sharpshooters
  7 deep elf knights
  Nergalle (D:10)
  An iron troll (D:15)
  2 salamander mystics
  A spark wasp zombie (D:15)
  A sea snake (Lair:4)
  3 skeletal warriors
  4 deep elf archers
  A golden dragon zombie (D:15)
  3 deep trolls (D:15)
  A phantasmal warrior (D:15)
  An anaconda skeleton (Volcano)
  7 naga ritualists
  A necromancer (D:15)
  13 deep elf pyromancers
  7 mana vipers
  21 deep elf zephyrmancers
  2 orc knights
  A lindwurm (Lair:6)
  3 orc sorcerers
  7 ugly things
  A shining eye (Slime:1)
  4 manticores
  An iron dragon zombie (D:15)
  9 salamanders
  5 cyclopes
  8 guardian serpents
  3 centaur zombies
  5 elephants (Lair:6)
  Joseph (D:8)
  41 black mambas
  Maurice (D:13)
  3 molten gargoyles (Lair:6)
  An eye of devastation (Slime:1)
  A black mamba (shapeshifter) (D:15)
  16 naga magi
  Psyche (D:8)
  8 gargoyles
  2 torpor snails (Lair:6)
  An unseen horror (D:11)
  13 cane toads
  4 efreet
  21 komodo dragons
  2 rime drakes
  A freezing wraith (D:12)
  6 trolls
  A guardian mummy (D:15)
  Prince Ribbit (D:6)
  3 polar bears
  A wind drake (Lair:4)
  3 hornets
  2 harpy skeletons (Volcano)
  8 slime creatures
  4 dream sheep (Lair:6)
  12 blink frogs
  A meliai zombie (D:11)
  2 air elementals
  3 flying skulls (Volcano)
  2 alligator skeletons (Volcano)
  3 wraiths
  A water elemental (Elf:1)
  45 yaks
  A vampire (D:12)
  3 wyverns
  5 golden eyes
  2 fire elementals (Elf:1)
  3 fire bats
  4 steam dragons
  Grum (D:11)
  5 basilisks
  7 vampire mosquitoes
  35 nagas
  4 hell hounds (Lair:6)
  2 wargs
  An acid dragon (D:12)
  16 water moccasins
  A floating eye (shapeshifter) (Depths:1)
  An ice beast (D:7)
  28 orc warriors
  A black bear (Lair:2)
  3 sky beasts
  9 ogres
  15 centaurs
  26 wolves
  2 phantoms (D:6)
  3 kobold brigands
  12 bullfrogs
  4 gnoll sergeants (D:8)
  2 scorpions (D:5)
  A water moccasin skeleton (D:6)
  7 killer bees
  A spriggan skeleton (Volcano)
  4 troll skeletons (Volcano)
  20 wights
  5 howler monkeys (D:8)
  5 electric eels
  A crimson imp (D:10)
  2 bullfrog zombies
  5 lava snakes (Lair:6)
  A centaur skeleton (D:6)
  14 hounds
  3 jellies
  24 orc priests
  A bullfrog skeleton (D:7)
  4 gnoll shamans
  21 orc wizards
  An iguana (D:6)
  A killer bee zombie (D:8)
  A naga skeleton (Volcano)
  2 howler monkey zombies
  9 gnolls
  5 adders
  2 shadow imps
  2 white imps
  An adder skeleton (D:4)
  A dart slug (D:3)
  106 orcs
  2 bats
  4 endoplasms
  3 giant cockroaches
  8 hobgoblins
  3 jackals (D:2)
  5 quokkas
  6 ball pythons
  4 frilled lizards
  8 goblins
  A jackal skeleton (D:4)
  13 kobolds
  2 rats
946 creatures vanquished.

Vanquished Creatures (collateral kills)
  A deep elf pyromancer (D:14)
  A manticore (D:14)
  A centaur (D:14)
3 creatures vanquished.

Vanquished Creatures (others)
  A deep elf knight (Elf:1)
  38 fungi
  133 plants
  9 withered plants
181 creatures vanquished.

Grand Total: 1130 creatures vanquished

Notes
Turn   | Place    | Note
-------+----------+-------------------------------------------
     0 | D:1      | markar the Ogre Berserker began the quest for the Orb.
     0 | D:1      | Reached XP level 1. HP: 24/24 MP: 1/1
   640 | D:1      | Reached XP level 2. HP: 32/32 MP: 2/2
   699 | D:1      | Found a faded altar of an unknown god.
   778 | D:1      | Found Sitsomou's General Store.
  1304 | D:2      | Found Ymnyst's Jewellery Emporium.
  1311 | D:2      | Reached XP level 3. HP: 39/39 MP: 3/3
  2175 | D:3      | Reached XP level 4. HP: 16/48 MP: 4/4
  2495 | D:3      | Reached XP level 5. HP: 54/54 MP: 5/5
  2705 | D:3      | Reached skill level 5 in Maces & Flails
  2772 | D:3      | Reached ** piety under Trog
  3357 | D:4      | Reached XP level 6. HP: 62/62 MP: 6/6
  4287 | D:5      | Entered Level 5 of the Dungeon
  4474 | D:5      | Found Posic's Hydra Hut.
  4475 | D:5      | Noticed a four-headed hydra
  4534 | D:5      | Reached XP level 7. HP: 60/70 MP: 7/7
  4919 | D:5      | HP: 2/70 [ogre (12)]
  5273 | D:5      | Found a staircase to the Ecumenical Temple.
  6050 | D:6      | Reached XP level 8. HP: 78/78 MP: 8/8
  6210 | D:6      | Reached *** piety under Trog
  6220 | D:6      | Found a blossoming altar of Fedhas.
  6221 | D:6      | Found a sacrificial altar of Ru.
  6259 | D:6      | Noticed Prince Ribbit
  6273 | D:6      | Killed Prince Ribbit
  6465 | D:6      | Found a sparkling altar of Nemelex Xobeh.
  6467 | D:6      | Found a broken altar of Ashenzari.
  6920 | D:7      | Noticed a gargoyle
  6924 | D:7      | Reached skill level 1 in Throwing
  6951 | D:7      | Reached skill level 10 in Maces & Flails
  6999 | D:7      | Reached XP level 9. HP: 43/84 MP: 9/9
  7348 | D:7      | Killed a gargoyle
  8285 | D:7      | Found a burning altar of Makhleb.
  8970 | D:8      | Found Olus's Overcharged Wands.
  8988 | D:7      | Reached XP level 10. HP: 74/92 MP: 5/10
  9309 | D:8      | Noticed a two-headed ogre
  9780 | D:8      | Killed a two-headed ogre
  9881 | D:8      | Reached **** piety under Trog
  9962 | D:8      | Noticed Psyche
 10337 | D:8      | Noticed Joseph
 10443 | D:9      | Reached skill level 5 in Fighting
 10464 | D:9      | Paralysed by a hornet for 2 turns
 10763 | D:9      | Reached skill level 6 in Fighting
 10782 | D:9      | Reached skill level 7 in Fighting
 11006 | D:9      | Noticed a two-headed ogre
 11017 | D:9      | Killed a two-headed ogre
 11018 | D:9      | Reached skill level 8 in Fighting
 11018 | D:9      | Reached XP level 11. HP: 73/113 MP: 6/11
 11197 | D:9      | Reached skill level 9 in Fighting
 11570 | D:8      | Noticed a two-headed ogre
 11581 | D:8      | Killed a two-headed ogre
 11582 | D:8      | Reached skill level 10 in Fighting
 11716 | D:8      | Killed Joseph
 11717 | D:8      | Reached skill level 11 in Fighting
 12646 | D:8      | Killed Psyche
 12900 | D:8      | Reached skill level 12 in Fighting
 12972 | D:8      | Noticed a cyclops
 13259 | D:8      | Killed a cyclops
 13542 | D:10     | Entered Level 10 of the Dungeon
 13589 | D:10     | Reached skill level 13 in Fighting
 13995 | D:10     | Noticed Erolcha
 14093 | D:10     | Noticed a two-headed ogre
 14100 | D:10     | Killed a two-headed ogre
 14101 | D:10     | Reached skill level 14 in Fighting
 14183 | D:10     | Noticed Nergalle
 14197 | D:10     | Killed Nergalle
 14573 | D:10     | Reached XP level 12. HP: 140/140 MP: 12/12
 14580 | D:10     | Reached skill level 15 in Fighting
 14581 | D:10     | Found a staircase to the Lair.
 15060 | Lair:1   | Entered Level 1 of the Lair of Beasts
 15500 | Lair:1   | Reached skill level 16 in Fighting
 15731 | Lair:1   | Reached ***** piety under Trog
 15888 | Lair:1   | Reached skill level 17 in Fighting
 16535 | Lair:1   | Reached skill level 1 in Evocations
 16973 | Lair:2   | Identified the +4 short sword of the Glimmering Saviour
                  | {drain, rPois rC+ SInv}
 17162 | Lair:2   | Reached skill level 1 in Armour
 17772 | Lair:2   | Reached skill level 18 in Fighting
 18386 | Lair:2   | Reached XP level 13. HP: 85/158 MP: 8/13
 19408 | Lair:3   | Received a gift from Trog
 19517 | Lair:3   | Reached skill level 5 in Dodging
 20594 | Lair:4   | Found a staircase to the Shoals.
 20817 | Lair:4   | Found a staircase to the Snake Pit.
 21309 | Lair:4   | Reached skill level 15 in Maces & Flails
 23050 | Lair:5   | Reached skill level 5 in Armour
 23250 | Lair:5   | Found a staircase to the Slime Pits.
 23750 | Lair:5   | Reached XP level 14. HP: 158/169 MP: 14/14
 23947 | Lair:6   | Entered Level 6 of the Lair of Beasts
 25879 | D:11     | Noticed Urug
 25887 | D:11     | Killed Urug
 26179 | D:11     | Noticed Grum
 26463 | D:10     | Killed Erolcha
 26555 | D:11     | Killed Grum
 26687 | D:11     | Found a portal to a secret trove of treasure.
 27031 | D:12     | Found a staircase to the Orcish Mines.
 28773 | D:13     | Noticed Maurice
 28886 | D:13     | Killed Maurice
 29575 | D:13     | Noticed Jorgrun
 29585 | D:13     | Killed Jorgrun
 29586 | D:13     | Reached skill level 19 in Fighting
 30106 | Orc:1    | Entered Level 1 of the Orcish Mines
 30219 | Orc:1    | Noticed an orc warlord
 30236 | Orc:1    | Found Poramum's Jewellery Shoppe.
 30474 | D:12     | Killed an orc warlord
 30565 | Orc:1    | Reached XP level 15. HP: 177/180 MP: 15/15
 30567 | Orc:1    | Received a gift from Trog
 30609 | Orc:1    | Found a dark tunnel.
 30631 | Volcano  | Entered a volcano
 30761 | Volcano  | Reached skill level 20 in Fighting
 31206 | Orc:2    | Entered Level 2 of the Orcish Mines
 31544 | Orc:2    | Found a staircase to the Elven Halls.
 31928 | Orc:2    | Noticed an orc warlord
 31963 | Orc:2    | Killed an orc warlord
 32373 | Orc:2    | Found Edoadd's Antique Armour Shop.
 32376 | Orc:2    | Reached ****** piety under Trog
 32404 | Orc:2    | Found Okhlebb's Antique Weapon Boutique.
 32427 | Orc:2    | Bought a glowing scarf for 256 gold pieces
 32492 | Orc:2    | Found Hurye's Magic Scroll Emporium.
 32506 | Orc:2    | Bought a scroll of identify for 32 gold pieces
 32507 | Orc:2    | Bought a scroll of identify for 32 gold pieces
 32510 | Orc:2    | Bought a scroll of enchant weapon for 120 gold pieces
 32775 | Orc:2    | Identified the +7 dire flail of the World {vorpal, Int-2
                  | Dex+7} (Trog gifted it to you on level 2 of the Orcish
                  | Mines)
 32775 | Orc:2    | Received a gift from Trog
 32779 | Orc:2    | Found Jeyzot's Book Boutique.
 32869 | Orc:2    | Noticed Rupert
 32881 | Orc:2    | Killed Rupert
 32882 | Orc:2    | Reached skill level 21 in Fighting
 33817 | Lair:6   | Found a large runed translucent door.
 33824 | Lair:6   | Found a large runed translucent door.
 34303 | Slime:1  | Entered Level 1 of the Pits of Slime
 34303 | Slime:1  | Noticed an azure jelly
 34308 | Slime:1  | Killed an azure jelly
 34314 | Slime:1  | Reached skill level 22 in Fighting
 36223 | D:14     | Received a gift from Trog
 36576 | D:15     | Entered Level 15 of the Dungeon
 36585 | D:15     | Reached skill level 23 in Fighting
 36851 | D:15     | Found an iron altar of Okawaru.
 36938 | D:15     | Found a frozen archway.
 37077 | D:15     | Found a staircase to the Depths.
 37099 | D:15     | Reached XP level 16. HP: 167/204 MP: 5/16
 37851 | D:2      | Bought a ring of protection from cold for 350 gold pieces
 37851 | D:2      | Bought the amulet of the Air {Inacc Air Fly rElec RMsl} for
                  | 526 gold pieces
 37851 | D:2      | Found the amulet of the Air {Inacc Air Fly rElec RMsl}
 38186 | Slime:1  | Noticed an acid blob
 38192 | Slime:1  | Noticed an acid blob
 38261 | Snake:1  | Entered Level 1 of the Snake Pit
 38806 | Shoals:1 | Entered Level 1 of the Shoals
 39468 | Elf:1    | Entered Level 1 of the Elven Halls
 39485 | Orc:2    | Reached skill level 24 in Fighting
 39628 | Depths:1 | Entered Level 1 of the Depths
 40396 | Depths:1 | Found an ancient bone altar of Kikubaaqudgha.
 40420 | Depths:1 | Found a broken altar of Ashenzari.
 40420 | Depths:1 | Noticed the Enchantress
 40478 | Depths:1 | Noticed a tengu reaver
 40500 | Depths:1 | Killed a tengu reaver
 41031 | Lair:5   | Killed an acid blob
 41323 | Slime:1  | Killed an acid blob
 41324 | Slime:1  | Reached skill level 25 in Fighting
 41703 | Slime:1  | Reached skill level 1 in Shields
 42206 | Slime:1  | Gained mutation: You are frail. (-10% HP) [a shining eye]
 42695 | Slime:2  | Noticed an acid blob
 42785 | Slime:2  | Killed an acid blob
 43248 | Depths:1 | Found a gateway to Hell.
 44468 | Elf:1    | Reached skill level 5 in Shields
 46327 | Elf:1    | Reached XP level 17. HP: 192/197 MP: 5/17
 46924 | Elf:2    | Found a runed translucent gate.
 46924 | Elf:2    | Found a runed translucent gate.
 46924 | Elf:2    | Found a runed translucent gate.
 47047 | Elf:2    | Found Jasel's Distillery.
 47663 | Elf:2    | Noticed a deep elf blademaster
 47672 | Elf:2    | Killed a deep elf blademaster
 49384 | Elf:1    | Lost mutation: You are frail. (-10% HP) [potion of
                  | mutation]
 49384 | Elf:1    | Gained mutation: You tend to lose your temper in combat.
                  | [potion of mutation]
 49384 | Elf:1    | Gained mutation: You are partially covered in iridescent
                  | scales. (AC +2) [potion of mutation]
 49384 | Elf:1    | Gained mutation: You are weak. (Str -2) [potion of
                  | mutation]
 50294 | Snake:1  | Noticed Aizul
 50305 | Snake:1  | Killed Aizul
 51775 | Snake:1  | Reached skill level 1 in Staves
 51790 | Snake:1  | Identified the +8 arbalest "Jimid" {freeze, rF+ rCorr Int-5
                  | Dex+4}
 52830 | Snake:1  | Reached skill level 5 in Throwing
 55418 | Snake:2  | Found Boiwarap's Antique Armour Boutique.
 55420 | Snake:2  | Found Taohyeq's Armour Shop.
 55423 | Snake:2  | Found Fustre Guum's Weapon Boutique.
 56764 | Snake:3  | Found Geajilom's Antique Weapon Shop.
 56788 | Snake:3  | Reached XP level 18. HP: 188/230 MP: 6/18
 56915 | Snake:3  | Found Inalir's Armour Shop.
 56916 | Snake:3  | Found Fexkoux's Antique Weapon Boutique.
 56957 | Snake:3  | Found Ikkic's Assorted Antiques.
 57195 | Snake:3  | Found Ronguow's Assorted Antiques.
 57289 | Snake:3  | Identified the +3 trident of Eternal Night {spect, rPois
                  | rN+ Int+7 Dex-4}
 58271 | Snake:4  | Entered Level 4 of the Snake Pit
 59734 | Snake:4  | Received a gift from Trog
 60281 | Snake:4  | Identified the +1 ring mail of Mestrorr {rElec rC- Int+2}
 60909 | Snake:4  | Reached skill level 10 in Armour
 61169 | Snake:4  | HP: 12/345 [naga (9)]
 61169 | Snake:4  | Slain by a salamander

Illustrated notes

Levels and vault maps discovered:
D:1:      mrwooster_arrival_statue, layout_basic,
          shapermc_ecumenical_altar_ellora, serial_shops, shop,
          minmay_crystal_room
D:2:      layout_loops_ring, serial_shops,
          nicolae_shop_temple_entry_statues_fountains
D:3:      layout_basic, chequers_serial_rivers_small_a, hex_intersection,
          st_stairs_6
D:4:      layout_loops_ring, hangedman_abyss_or_decor_slice
D:5:      layout_loops_cross, minmay_temple_entry_large_hall,
          doesnt_shop_hydraphobe
D:6:      layout_loops_cross, nicolae_overflow_squiral,
          mainiacjoe_overflow_divided_tiny, uniq_prince_ribbit1
D:7:      layout_rooms, mainiacjoe_overflow_boulevard, fountainhead,
          minmay_misc_feat_ornament, amcnicky_mini_pool_medium
D:8:      lemuel_castle_with_subvaults [lemuel_castle_interior_carwin_2],
          layout_rooms, enter_bailey_4, nicolae_shop_overcharged_wands,
          uniq_psyche, uniq_joseph
D:9:      nicolae_cairo_tiling, layout_basic
D:10:     layout_roguey, david_lair_shrubbed, minmay_fire_ice_demons,
          uniq_nergalle, uniq_erolcha
D:11:     layout_long_grid, nicolae_trove_entry_columns, uniq_urug, uniq_grum
D:12:     layout_loops_ring, hiddenorc2_lemuel, gauntlet_entry_generic,
          st_stairs_5, kennysheep_windowed_goal
D:13:     layout_roguey, grunt_vaults_entry_fortified, uniq_maurice,
          uniq_jorgrun
D:14:     layout_roguey, hangedman_decor_lopped
D:15:     gammafunk_depths_entry_grave, layout_cave_pods, lemuel_round_altar,
          portal_ice_cave_entry_pillars_2
Lair:1:   layout_misc_corridors
Lair:2:   layout_big_grid, beast_lair_carwin_4, grunt_megastairs_5,
          lemuel_fruit_tree, serial_bayou_shore_a
Lair:3:   layout_loops_ring, st_stairs_10, serial_bayou_lake_a
Lair:4:   layout_regular_city, elwin_shoals_entry_rocks,
          guppyfry_snake_entry_garden
Lair:5:   layout_regular_city, minmay_slime_entry_pillars
Lair:6:   cheibrodos_lair_end_hotspot, layout_cave_shapes,
          chequers_serial_rivers_small_3, minmay_stone_trees_large
Shoals:1: layout_shoals, wheals_shoals_ruined_temple, uniq_josephine
Snake:1:  layout_chambers, uniq_aizul
Snake:2:  layout_layer_cave, minmay_shop_star
Snake:3:  layout_onion_interference, serial_shops, nicolae_shop_crystal,
          minmay_shoptagon
Snake:4:  snake_pit_salamanders_mu, layout_cave_town
Slime:1:  layout_caves
Slime:2:  layout_caves
Orc:1:    layout_caves, serial_shops, nicolae_shop_hallway_plus, basic_altar,
          nicolae_volcano_entry_batcave
Orc:2:    grunt_orc_community_town_hall, layout_caves,
          grunt_orc_community_big_house_1, grunt_orc_community_big_house_2,
          grunt_orc_community_house_3, grunt_orc_community_house_1,
          grunt_orc_community_house_2, grunt_orc_community_house_1, uniq_rupert
Elf:1:    minmay_elf_arrival_plus, layout_geoelf_grid,
          minmay_elf_crystal_heptagon
Elf:2:    nicolae_elf_blades_splatter_lattice [mumra_blade_entry_bloodbath],
          layout_loops_cross, serial_shops, nicolae_shop_hallway_plus
Depths:1: layout_cross, grunt_mini_vestibule, nicolae_ashenzari_panopticon,
          kiku_gazebo_garden_becter, hangedman_decor_cross_pass,
          uniq_enchantress

Skill      XL: |  1  2  3  4  5  6  7  8  9 10 11 12 13 14 15 16 17 18 |
---------------+-------------------------------------------------------+-----
Dodging        | 3 4 5 |  5.0
Maces & Flails | 3 4 5 6 8 10 12 14 16 18 20 | 20.0
Throwing       | 1 5 |  5.0
Fighting       | 8 14 18 19 23 25 | 25.0
Evocations     | 1 2 |  2.1
Armour         | 2 5 7 10 | 10.2
Shields        | 5 |  5.1
Staves         | 1 |  1.1

Action                   |  1- 3 |  4- 6 |  7- 9 | 10-12 | 13-15 | 16-18 || total
-------------------------+-------+-------+-------+-------+-------+-------++-------
Melee: Mace              |    20 |       |       |       |       |       ||    20
       Whip              |    64 |    57 |       |       |       |       ||   121
       Punch             |     4 |       |       |       |       |       ||     4
       Dire flail        |       |    68 |   242 |   763 |   351 |       ||  1424
       Giant club        |       |       |       |       |   853 |   885 ||  1738
       Morningstar       |       |       |       |       |       |   188 ||   188
       Lajatang          |       |       |       |       |       |    39 ||    39
Throw: Javelin           |       |     2 |     3 |     9 |     3 |    37 ||    54
       Boomerang         |       |       |       |       |    27 |       ||    27
       Large rock        |       |       |       |       |    22 |     7 ||    29
Invok: Berserk           |     3 |     5 |     7 |     6 |    13 |    22 ||    56
       Trog's Hand       |       |       |     1 |       |     7 |     6 ||    14
       Brothers in Arms  |       |       |       |       |     1 |       ||     1
Evoke: Wand              |       |       |     1 |     2 |    15 |     4 ||    22
  Use: Scroll            |       |       |     2 |    13 |    13 |    26 ||    54
       Potion            |       |       |       |     2 |       |    18 ||    20
 Stab: Sleeping          |       |       |       |     2 |       |       ||     2
       Paralysed         |       |       |       |     2 |       |     2 ||     4
Armor: Animal skin       |    18 |    24 |    30 |       |       |       ||    72
       Steam dragon scal |       |       |    30 |   112 |   141 |       ||   283
       Acid dragon scale |       |       |       |       |   250 |   271 ||   521
       Robe              |       |       |       |       |    17 |   100 ||   117
       Skin              |       |       |       |       |       |    20 ||    20
Dodge: Dodged            |    37 |    44 |    94 |   277 |   566 |   396 ||  1414
       Repelled          |       |       |       |       |       |    13 ||    13
Block: Tower shield      |       |       |       |       |       |    51 ||    51
       Kite shield       |       |       |       |       |       |    13 ||    13
